 Dungeon Crawl Stone Soup version 0.16-a0-327-gbff0e38 (webtiles) character file.

23 PolkaDot the Caller (level 2, 0/19 HPs)
             Began as a Vampire Summoner on Sept 5, 2014.
             Succumbed to a goblin's poison
             ... on Level 1 of the Dungeon.
             The game lasted 00:02:56 (1036 turns).

PolkaDot the Caller (Vampire Summoner)              Turns: 1036, Time: 00:02:56

HP   0/19        AC  3     Str  7      XL: 2   Next: 72%
MP   4/4         EV 18     Int 16 (17) God:
Gold 0           SH  0     Dex 19      Spells:  2 memorised,  2 levels left

rFire  . . .     SeeInvis +     j - +1 dagger (venom)
rCold  . . .     Clarity  .     a - +0 robe
rNeg   . . .     rCorr    .     (no shield)
rPois  .         rRot     .     (no helmet)
rElec  .         Spirit   .     (no cloak)
SustAb .         Warding  .     h - +0 pair of gloves
rMut   .         Stasis   .     (no boots)
Gourm  .                        (no amulet)
MR     .....                    (no ring)
                                (no ring)

@: agile, lethally poisoned, very slightly contaminated, regenerating quickly,
hasted, very quick, not resistant to hostile enchantments, stealthy
A: fangs 3, see invisible, unbreathing
a: no special abilities


You were on level 1 of the Dungeon.
You were very full.

You visited 1 branch of the dungeon, and saw 1 of its levels.

Inventory:

Hand weapons
 i - a +0 dagger
 j - a +1 dagger of venom (weapon)
Armour
 a - a +0 robe (worn)
 h - a +0 pair of gloves (worn)
Scrolls
 e - a scroll of fog {unknown}
 f - a scroll of remove curse {unknown}
 g - a scroll of identify {unknown}
Books
 b - a book of Callings

   Spells                             Type                      Level
   *Summon Small Mammal               Summoning                    1
   *Call Imp                          Summoning                    2
   Call Canine Familiar               Summoning                    3
   Summon Guardian Golem              Hexes/Summoning              4
   Summon Lightning Spire             Summoning/Air                4
   Summon Ice Beast                   Ice/Summoning                4


   Skills:
 - Level 2.1 Dodging
 - Level 3.0 Stealth
 - Level 2.0 Spellcasting
 * Level 4.8 Summonings


You had 2 spell levels left.
You knew the following spells:

 Your Spells              Type           Power        Failure   Level  Hunger
a - Summon Small Mammal   Summ           ###.         3%          1    #......
s - Call Imp              Summ           ###.....     6%          2    ###....


Dungeon Overview and Level Annotations

Branches:
Dungeon (1/15)

Altars:


Innate Abilities, Weirdness & Mutations

Your natural rate of healing is unusually fast.
You have razor-sharp teeth.
You have supernaturally acute eyesight.
You can survive without breathing.


Message History

You feel sick.
You kill the jackal!
Drink which item? (? for menu, Esc to quit)
You feel yourself speed up.
It was a potion of haste.
* * * LOW HITPOINT WARNING * * *
You feel sick.
You are very lightly contaminated with residual magic.
Drink which item? (? for menu, Esc to quit)
You feel agile all of a sudden.
It was a potion of agility.
You see here 10 gold pieces.
* * * LOW HITPOINT WARNING * * *
You feel sick.
You see here a bubbling green potion.
c - a bubbling green potion Drink which item? (? for menu, Esc to quit)
There was something very wrong with that liquid!
You feel dopey.
It was a potion of degeneration.
You die...

.(.(## #.###.## #
....#####..........
...(......###.# ..
###'#####...#.# .#
###...#####..$## .#
......##.###...##.# ......##.#
###..#.# ...#.....###.##...#
.##.#.....#.####@.#
#......#....##.##(..##
..........#...#.#....##
......###...#...##....#
###..#....##.#...#....###
###..#..#####.##.##.....#
%'...+....'...'...#...#.#
##...###'##...###+##....#######
.##'##....##'## #..........#


There were no monsters in sight!

Vanquished Creatures
  A giant mite (D:1)
  A bat (D:1)
  A giant cockroach (D:1)
  2 goblins (D:1)
  2 hobgoblins (D:1)
  2 jackals (D:1)
  A giant newt (D:1)
  A kobold (D:1)
  2 rats (D:1)
13 creatures vanquished.

Vanquished Creatures (collateral kills)
  A hobgoblin (D:1)
  4 jackals (D:1)
  A goblin (D:1)
  A kobold (D:1)
  A rat (D:1)
8 creatures vanquished.

Vanquished Creatures (others)
  A bat (D:1)
1 creature vanquished.

Grand Total: 22 creatures vanquished

Notes
Turn   | Place    | Note
--------------------------------------------------------------
     0 | D:1      | PolkaDot, the Vampire Summoner, began the quest for the Orb.
     0 | D:1      | Reached XP level 1. HP: 13/13 MP: 3/3
   290 | D:1      | Reached XP level 2. HP: 8/19 MP: 0/4
   377 | D:1      | Learned a level 2 spell: Call Imp
  1036 | D:1      | Succumbed to a goblin's poison

Action                   || total
-------------------------++-------
Melee: Unarmed           ||    58
       Dagger            ||    13
 Cast: Summon Small Mamm ||     9
       Call Imp          ||     6
  Use: Potion            ||     4
 Stab: Sleeping          ||     3
  Eat: Corpse            ||     7
